 Dungeon Crawl Stone Soup version 0.28.0-43-g3370ac3207 (webtiles) character file.

Game seed: 11130759157803555404

58 adizb the Covered (level 3, -6/34 HPs)
             Began as a Deep Dwarf Fighter on Mar 8, 2022.
             Mangled by a gnoll
             ... wielding a +0 halberd
              (8 damage)
             ... on level 2 of the Dungeon.
             The game lasted 00:07:54 (1029 turns).

adizb the Covered (Deep Dwarf Fighter)              Turns: 1029, Time: 00:07:54

Health: -6/34      AC:  8    Str: 19    XL:     3   Next: 76%
Magic:  3/3        EV:  9    Int:  8    God:
Gold:   46         SH:  5    Dex: 14    Spells: 2/2 levels left

rFire   . . .      SeeInvis .   a - +0 war axe
rCold   . . .      Faith    .   c - +0 buckler
rNeg    . . .      Spirit   .   b - +0 scale mail
rPois   .          Reflect  .   (no helmet)
rElec   .          Harm     .   (no cloak)
rCorr   .          Rampage  .   (no gloves)
Will    .....                   e - +0 pair of boots
Stlth   ..........              (no amulet)
HPRegen 0.00/turn               (no ring)
MPRegen 0.08/turn               (no ring)

@: no status effects
A: damage resistance, heal wounds, sense surroundings 1, no regeneration
a: Heal Wounds


You were on level 2 of the Dungeon.
You visited 1 branch of the dungeon, and saw 2 of its levels.

You collected 46 gold pieces.

Inventory:

Hand Weapons
 a - a +0 war axe (weapon)
 h - a +0 hunting sling
Missiles
 i - 20 stones
Armour
 b - a +0 scale mail (worn)
 c - a +0 buckler (worn)
 e - a +0 pair of boots (worn)
Scrolls
 f - a scroll of vulnerability {unknown}
Potions
 d - a potion of might
 g - a potion of brilliance {unknown}


   Skills:
 + Level 3.0 Fighting
 * Level 3.2 Axes
 + Level 1.3 Slings
 + Level 3.6 Armour
 + Level 3.6 Shields


You had 2 spell levels left.
You didn't know any spells.
Your spell library was empty.

Dungeon Overview and Level Annotations

Branches:
Dungeon (2/15)

Altars:


Innate Abilities, Weirdness & Mutations

You are resistant to damage.
You can heal yourself by infusing magical energy.
You passively map a small area around you.
You do not regenerate.


Message History

You block the gnoll's attack. The gnoll hits you with a +0 whip.
A gnoll comes into view. It is wielding a +0 flail.
You feel much better.
The gnoll shouts!
You hear a shout!
You block the gnoll's attack. The gnoll hits you with a +0 whip.
You completely miss the gnoll.
The gnoll is moderately wounded.
The gnoll barely misses you.
A gnoll comes into view. It is wielding a +0 club.
The gnoll hits you with a +0 whip.
The gnoll hits you from afar with a +0 halberd.
You closely miss the gnoll.
The gnoll is moderately wounded.
The gnoll hits you with a +0 whip. The gnoll closely misses you.
The gnoll hits you with a +0 whip.
You hit the gnoll.
The gnoll is heavily wounded.
The gnoll barely misses you. You block the gnoll's attack.
You hit the gnoll.
The gnoll is almost dead.
The gnoll hits you from afar with a +0 halberd.
You block the gnoll's attack.
The gnoll hits you from afar with a +0 halberd.
The gnoll barely misses you.
You hit the gnoll but do no damage.
The gnoll is almost dead.
The gnoll hits you but does no damage. The gnoll barely misses you.
You slash the gnoll!
You kill the gnoll!
You block the gnoll's attack. x2
You are too injured to fight recklessly!
You block the gnoll's attack.
Things that are here:
a +0 whip; a stone You hit the gnoll.
The gnoll is lightly wounded.
The gnoll hits you with a +0 halberd!
* * * LOW HITPOINT WARNING * * *
You fail to use your ability.
The gnoll hits you with a +0 halberd!
You die...

* * * * *
*### , , ,
,..( ### *
**
#.#*#..,
,* #gg#.#
* * # #@#
#.#.# *
#.#.######
#........#
###.####.#
##.####.#
#.....>.#
* *
#..######
#..##...#


You could see 2 gnolls.

Vanquished Creatures
  A gnoll (D:2)
  An adder (D:2)
  3 bats
  An endoplasm (D:1)
  A giant cockroach (D:2)
  4 goblins
  7 hobgoblins
  5 jackals (D:1)
  2 quokkas (D:1)
  4 frilled lizards
  4 kobolds
  2 rats
35 creatures vanquished.

Notes
Turn   | Place    | Note
-------+----------+-------------------------------------------
     0 | D:1      | adizb the Deep Dwarf Fighter began the quest for the Orb.
     0 | D:1      | Reached XP level 1. HP: 20/20 MP: 1/1
   204 | D:1      | Reached XP level 2. HP: 25/27 MP: 2/2
   291 | D:1      | Found a faded altar of an unknown god.
   557 | D:1      | Reached skill level 1 in Slings
   641 | D:1      | Reached XP level 3. HP: 21/33 MP: 3/3
  1029 | D:2      | Mangled by a gnoll

Illustrated notes

Levels and vault maps discovered:
D:1:      psy_arrival_whirlpool, layout_basic, hellmonk_ecumenical_altar_blasted
D:2:      layout_loops_ring, uniq_sigmund

Skill      XL: |  1  2  3 |
---------------+----------+-----
Slings         | 1 |  1.3
Fighting       | 3 |  3.0
Axes           | 3 |  3.2
Armour         | |  3.6
Shields        | |  3.6

Action                   || total
-------------------------++-------
Melee: War axe           ||    81
 Fire: Hunting sling     ||    11
 Abil: Heal Wounds       ||     1
Armor: Scale mail        ||    38
Dodge: Dodged            ||    32
Block: Buckler           ||    28
